 Dungeon Crawl Stone Soup version 0.31-a0-819-gf6de2f5ab6 (webtiles) character file.

Game seed: 8655451292659783583

1359 dialectric the Covert (level 8, -3/54 HPs)
             Began as an Octopode Brigand on Sept 24, 2023.
             Slain by an ice beast (7 damage)
             ... on level 5 of the Dungeon.
             The game lasted 00:04:43 (3929 turns).

dialectric the Covert (Octopode Brigand)            Turns: 3929, Time: 00:04:43

Health: -3/54      AC:  1    Str: 12    XL:     8   Next: 64%
Magic:  8/8        EV: 14    Int: 13    God:
Gold:   167        SH:  0    Dex: 14    Spells: 7/7 levels left

rFire   + . .        q - +4 dagger
rCold   . . .        (no shield)
rNeg    . . .        (helmet restricted)
rPois   .            h - amulet of regeneration
rElec   .            m - ring of protection from fire
rCorr   .            (no ring)
SInv    .            (no ring)
Will    .....        (no ring)
Stlth   ++++++       (no ring)
HPRegen 1.09/turn    (no ring)
MPRegen 0.11/turn    (no ring)
                     (no ring)

%: no passive effects
@: mighty
A: almost no armour, amphibious, 8 rings, camouflage 1, gelatinous body 1,
(nimble swimmer 1), tentacles
a: no special abilities


You were on level 5 of the Dungeon.
You visited 1 branch of the dungeon, and saw 5 of its levels.

You collected 167 gold pieces.

Inventory:

Hand Weapons
 a - a +2 dagger
 q - a +4 dagger (weapon)
Missiles
 b - 27 poisoned darts (quivered)
 c - 2 curare-tipped darts
Magical Staves
 u - a staff of air
Jewellery
 h - an amulet of regeneration (around mantle)
 m - a ring of protection from fire (left tentacle)
Scrolls
 e - 3 scrolls of fog {unknown}
 f - a scroll of immolation {unknown}
 i - 4 scrolls of identify
 j - a scroll of enchant armour {unknown}
 l - 4 scrolls of teleportation
 n - a scroll of blinking {unknown}
 o - a scroll of poison {unknown}
 p - a scroll of noise {unknown}
Potions
 d - 2 potions of cancellation {unknown}
 g - a potion of curing
 k - a potion of might
 r - a potion of enlightenment {unknown}
 s - 2 potions of magic {unknown}
 v - a potion of degeneration {unknown}


   Skills:
 + Level 3.9 Fighting
 + Level 4.4 Short Blades
 + Level 3.6 Throwing
 * Level 4.6 Dodging
 + Level 10.9 Stealth


You had 7 spell levels left.
You didn't know any spells.
Your spell library contained the following spells:

 Spells                   Type           Power      Damage    Failure   Level
 Magic Dart               Conj           0%         1d3       30%         1
 Slow                     Hex            0%         N/A       30%         1
 Call Imp                 Summ           0%         N/A       43%         2
 Confusing Touch          Hex            0%         N/A       67%         3
 Mephitic Cloud           Conj/Pois/Air  0%         N/A       67%         3
 Sigil of Binding         Hex            0%         N/A       67%         3
 Vampiric Draining        Necr           0%         2d6       67%         3


Dungeon Overview and Level Annotations

Branches:
Dungeon (5/15)             Temple (0/1) D:4

Altars:

Annotations:
D:4 exclusion: oklob sapling


Innate Abilities, Weirdness & Mutations

You cannot wear most types of armour.
You are amphibious.
You can wear up to eight rings at the same time.
Your skin changes colour to match your surroundings (Stealth+).
Your rubbery body absorbs attacks. (AC +1, EV +1)
((You are camouflaged when in or above water. (Stealth+)))
You have tentacles for arms and can constrict up to eight enemies at once.


Message History

There is a stone staircase leading up here.
An ice beast comes into view.
An ice beast is nearby!
An ice beast is nearby!
An ice beast is nearby!
Found a small jasper amulet.
You hit the ice beast. You squeeze the ice beast.
The ice beast is lightly wounded.
The ice beast hits you. The ice beast freezes you!
You hit the ice beast but do no damage.
The ice beast is lightly wounded.
The ice beast hits you. The ice beast freezes you!
You are too injured to fight recklessly!
You are too injured to fight recklessly!
You are too injured to fight recklessly!
You are too injured to fight recklessly!
You are too injured to fight recklessly!
You are too injured to fight recklessly!
You are too injured to fight recklessly!
You closely miss the ice beast.
The ice beast is lightly wounded.
The ice beast hits you. The ice beast freezes you.
Unknown command.
The ice beast attacks as it pursues you!
The ice beast hits you.
* * * LOW HITPOINT WARNING * * *
The ice beast freezes you!
* * * LOW HITPOINT WARNING * * *
You feel better. The ice beast closely misses you.
You feel very mighty all of a sudden. The ice beast hits you.
* * * LOW HITPOINT WARNING * * *
The ice beast freezes you!
* * * LOW HITPOINT WARNING * * *
You puncture the ice beast! You squeeze the ice beast!
The ice beast is severely wounded.
The ice beast hits you.
* * * LOW HITPOINT WARNING * * *
The ice beast freezes you!
You die...

..........#
......... #
#.......# #.
#.....#.#
...###.......###
.........#.#....
.............#
#.......Y#รท..#
##.###.@....#.. #
#..#.#.....
#.###..........
.#....<.#......#
.........####...#
..######)# #..# #
#<# ... #.# #.#
.. #...########.#


You could see an ice beast.

Vanquished Creatures
  A two-headed ogre (D:5)
  Sigmund (D:4)
  A black bear (D:4)
  A centaur (D:5)
  A phantom (D:4)
  Blork the orc (D:4)
  2 orc priests (D:4)
  A hound (D:5)
  An iguana (D:4)
  5 adders
  5 gnolls
  An ufetubus (D:4)
  4 worms (D:2)
  3 dart slugs
  5 orcs
  5 bats
  6 endoplasms
  3 giant cockroaches (D:1)
  6 goblins
  12 hobgoblins
  5 quokkas
  9 ball pythons
  4 frilled lizards
  5 kobolds
  3 rats
91 creatures vanquished.

Notes
Turn   | Place    | Note
-------+----------+-------------------------------------------
     0 | D:1      | dialectric the Octopode Brigand began the quest for the
                  | Orb.
     0 | D:1      | Reached XP level 1. HP: 14/14 MP: 1/1
   157 | D:1      | Reached XP level 2. HP: 19/19 MP: 2/2
   213 | D:1      | Reached skill level 6 in Stealth
   444 | D:1      | Reached XP level 3. HP: 17/24 MP: 3/3
  1332 | D:2      | Reached XP level 4. HP: 30/30 MP: 4/4
  1486 | D:2      | Reached skill level 7 in Stealth
  2365 | D:3      | Reached XP level 5. HP: 33/35 MP: 5/5
  2720 | D:4      | Noticed a black bear
  2724 | D:4      | Killed a black bear
  2725 | D:4      | Reached skill level 8 in Stealth
  2737 | D:4      | Noticed Blork the orc
  2749 | D:4      | Reached XP level 6. HP: 41/41 MP: 6/6
  2798 | D:4      | Found a staircase to the Ecumenical Temple.
  2953 | D:4      | Noticed Sigmund
  2959 | D:4      | Killed Sigmund
  2960 | D:4      | Reached skill level 9 in Stealth
  2980 | D:4      | Reached XP level 7. HP: 31/45 MP: 7/7
  3283 | D:4      | Killed Blork the orc
  3284 | D:4      | Reached skill level 10 in Stealth
  3675 | D:5      | Entered Level 5 of the Dungeon
  3866 | D:5      | Noticed a two-headed ogre
  3884 | D:5      | Killed a two-headed ogre
  3885 | D:5      | Reached XP level 8. HP: 37/54 MP: 8/8
  3929 | D:5      | Slain by an ice beast

Illustrated notes

Levels and vault maps discovered:
D:1:      dpeg_arrival_houses_and_road, layout_basic, serial_co_window_serial,
          co_window_corner_a, co_window_paths_a, co_window_paths_a,
          co_window_cross_1, co_window_paths_b, co_window_corner_a,
          co_window_paths_b, co_window_of_opportunity_a, co_window_corner_a,
          co_window_2corner, co_window_corner_ca, co_window_cross_4,
          co_window_of_opportunity_b, co_window_corner_cb, glass_columns_b,
          glass_columns_a, glass_columns_b, glass_columns_b
D:2:      layout_basic
D:3:      layout_basic
D:4:      layout_basic, minmay_temple_entry_oklob, uniq_sigmund,
          uniq_blork_the_orc
D:5:      layout_loops_ring, minmay_manual_monstrance

Skill      XL: |  1  2  3  4  5  6  7 |
---------------+----------------------+-----
Stealth        | 6 7 8 9 10 | 10.9
Dodging        | 2 4 |  4.6
Short Blades   | 3 4 |  4.4
Fighting       | 3 |  3.9
Throwing       | 3 |  3.6

Action                     |  1- 3 |  4- 6 |  7- 9 || total
---------------------------+-------+-------+-------++-------
  Melee: Dagger            |    55 |    56 |    60 ||   171
         Tentacles         |     9 |    10 |    18 ||    37
         Constrict         |     9 |    12 |    10 ||    31
  Throw: Dart              |       |     4 |    16 ||    20
         Throwing net      |       |       |     1 ||     1
    Use: Potion            |       |     1 |     2 ||     3
         Scroll            |       |       |     2 ||     2
   Stab: Sleeping          |    17 |    17 |     3 ||    37
         Distracted        |     1 |       |       ||     1
 Armour: Skin              |    16 |    14 |    47 ||    77
  Dodge: Dodged            |    14 |    15 |    31 ||    60

Table legend: (Time is in decaauts)
 A = Elapsed time spent in this place.
 B = Non-inter-level travel time spent in this place.
 C = Inter-level travel time spent in this place.
 D = Time resting spent in this place.
 E = Time spent auto-exploring this place.
 F = Levels seen in this place.
 G = Mean time per level.
                   A        B        C        D        E       F      G
               +--------+--------+--------+--------+--------+-----+--------+
         Total |   3906 |   3831 |     75 |    178 |   2884 |   5 |  781.2 |
       Dungeon |   3906 |   3831 |     75 |    178 |   2884 |   5 |  781.2 |
               +--------+--------+--------+--------+--------+-----+--------+

Top non-repeatable levels by time:
     D:1: 1168 daAuts
     D:4: 1117 daAuts
     D:2: 952 daAuts
     D:3: 581 daAuts
     D:5: 85 daAuts
